 Dungeon Crawl Stone Soup version 0.22.1-5-g62c59d919a (webtiles) character file.

207 Forgol the Changer (level 5, -6/40 HPs)
             Began as a Draconian Transmuter on Jan 16, 2019.
             Killed from afar by an orc wizard (9 damage)
             ... with a puff of flame
             ... on level 4 of the Dungeon.
             The game lasted 00:10:17 (3959 turns).

Forgol the Changer (Draconian Transmuter)           Turns: 3959, Time: 00:10:18

Health: -6/40      AC:  5    Str: 12    XL:     5   Next: 54%
Magic:  3/8        EV: 12    Int: 15    God:
Gold:   215        SH:  0    Dex: 11    Spells: 2/8 levels left

rFire    . . .     SeeInvis .     - Unarmed
rCold    . . .     Gourm    .   (no shield)
rNeg     . . .     Faith    .   (armour unavailable)
rPois    .         Spirit   .   (helmet restricted)
rElec    .         Reflect  .   (no cloak)
rCorr    .         Harm     .   (no gloves)
MR       .....                  (no boots)
Stlth    +.........             (no amulet)
HPRegen  0.13/turn              (no ring)
MPRegen  0.11/turn              (no ring)

@: appendage
A: unfitting armour, horns 2, cold-blooded, AC +5
a: End Transformation


You were on level 4 of the Dungeon.
You were hungry.
You had grown temporary horns.
You visited 1 branch of the dungeon, and saw 4 of its levels.

You collected 215 gold pieces.

Inventory:

Missiles
 a - 6 arrows
Scrolls
 b - a scroll of immolation {unknown}
 e - 5 scrolls of teleportation {unknown}
 f - 8 scrolls of identify {unknown}
 g - a scroll of fear {unknown}
 i - a scroll of remove curse {unknown}
 j - 2 scrolls of amnesia {unknown}
 k - a scroll of noise {unknown}
 l - a scroll of enchant armour {unknown}
 n - a scroll of enchant weapon {unknown}
Potions
 d - 4 potions of curing {unknown}
 h - 2 potions of haste {unknown}
 m - 3 potions of ambrosia {unknown}
 o - a potion of cancellation {unknown}
Comestibles
 c - 9 rations


   Skills:
 - Level 1.1 Fighting
 - Level 1.7 Dodging
 - Level 4.0 Unarmed Combat
 - Level 2.0 Spellcasting
 + Level 5.2 Transmutations


You had 2 spell levels left.
You knew the following spells:

 Your Spells              Type           Power        Failure   Level  Hunger
a - Beastly Appendage     Tmut           ###...       2%          1    #......
b - Spider Form           Tmut/Pois      #.........   22%         3    ###....
c - Sticks to Snakes      Tmut           ###.....     4%          2    ###....

Your spell library contained the following spells:

 Spells                   Type           Power        Failure   Level  Hunger
 Corona                   Hex            #......      22%         1    #......
 Ensorcelled Hibernation  Hex/Ice        #.....       32%         2    ###....
 Confuse                  Hex            #.......     54%         3    ###....
 Dazzling Spray           Conj/Hex       #.....       54%         3    ###....
 Tukima's Dance           Hex            #.......     54%         3    ###....
 Ice Form                 Ice/Tmut       #.......     58%         4    #####..
 Blade Hands              Tmut           ###.......   58%         5    ######.


Dungeon Overview and Level Annotations

Branches:
Dungeon (4/15)
 Temple: D:4-7

Altars:
Ashenzari
Kikubaaqudgha


Innate Abilities, Weirdness & Mutations

Your plain brown scales are hard. (AC +5)
You cannot fit into any form of body armour.
You are cold-blooded and may be slowed by cold attacks.
You have a pair of horns on your head.


Message History

You hit the orc but do no damage.
You hear some strange, mumbled words.
A magic dart appears from out of thin air!
The magic dart hits you!
* * * LOW HITPOINT WARNING * * *
The orc hits you but does no damage.
You barely miss the orc.
You tail-slap the orc, but do no damage.
The orc wizard gestures wildly while chanting.
The orc wizard blinks!
You hear some strange, mumbled words.
Something tries to affect you, but you resist.
You hit the orc.
The orc is lightly wounded.
The orc closely misses you.
The orc wizard hits you but does no damage.
You hear some strange, mumbled words.
A puff of flame appears from out of thin air!
The puff of flame hits you!
You die...

.[> ####..# ..
#.....# ...
#.....#
....#####...#.#
.......##...#.#
#..o.....#
#.){@..### .
#..o..##
#....###ยง.#
##+##.Z...###
.....o#....#
...oo#####.##
#### ...o. #..#
#... ._.. +..#
#.## ...
#..#########.#


You could see an orc wizard and an orc.

Vanquished Creatures
  A worker ant (D:4)
  A worker ant zombie (D:3)
  3 gnolls (D:2)
  5 adders
  An ooze (D:1)
  2 worms (D:2)
  A leopard gecko (D:3)
  2 orcs (D:3)
  A ball python (D:1)
  8 bats
  3 giant cockroaches
  6 goblins
  10 hobgoblins
  2 jackals (D:4)
  4 kobolds
  3 frilled lizards
  7 rats
60 creatures vanquished.

Vanquished Creatures (collateral kills)
  An orc priest (D:3)
  An orc wizard (D:4)
  An adder (D:3)
  An orc (D:3)
  A jackal skeleton (D:4)
5 creatures vanquished.

Grand Total: 65 creatures vanquished

Notes
Turn   | Place    | Note
-------+----------+-------------------------------------------
     0 | D:1      | Forgol the Draconian Transmuter began the quest for the
                  | Orb.
     0 | D:1      | Reached XP level 1. HP: 16/16 MP: 3/3
   304 | D:1      | Reached XP level 2. HP: 23/23 MP: 5/5
  1060 | D:2      | Reached XP level 3. HP: 28/28 MP: 6/6
  1133 | D:2      | Learned a level 3 spell: Spider Form
  1304 | D:2      | Found an ancient bone altar of Kikubaaqudgha.
  1332 | D:2      | Reached skill level 3 in Transmutations
  1342 | D:2      | Reached XP level 4. HP: 6/35 MP: 7/7
  2156 | D:2      | Learned a level 2 spell: Sticks to Snakes
  2323 | D:3      | Reached skill level 4 in Transmutations
  2601 | D:3      | Reached XP level 5. HP: 40/40 MP: 1/8
  3619 | D:4      | Reached skill level 5 in Transmutations
  3921 | D:4      | Found a shattered altar of Ashenzari.
  3959 | D:4      | Killed from afar by an orc wizard

Skill      XL: |  1  2  3  4  5 |
---------------+----------------+-----
Unarmed Combat | 4 |  4.0
Transmutations | 3 4 5 |  5.2
Fighting       | |  1.1
Dodging        | |  1.7
Spellcasting   | |  2.0

Action                   |  1- 3 |  4- 6 || total
-------------------------+-------+-------++-------
Melee: Unarmed           |    90 |   142 ||   232
       Headbutt          |     5 |     3 ||     8
       Tailslap          |     9 |    11 ||    20
       Kick              |     7 |     8 ||    15
       Punch             |     1 |     4 ||     5
 Cast: Beastly Appendage |     8 |    11 ||    19
       Sticks to Snakes  |       |     6 ||     6
 Stab: Sleeping          |       |     1 ||     1
  Eat: Chunk             |     1 |     9 ||    10
Armor: Skin              |    22 |    60 ||    82
Dodge: Dodged            |    59 |   101 ||   160
